 Dungeon Crawl Stone Soup version 0.32-a0-314-g526f7d4993 (webtiles) character file.

Game seed: 13162178041400293098

537 timneilson the Ruffian (level 7, -5/46 HPs)
             Began as an Octopode Shapeshifter on Feb 15, 2024.
             Slain by a gnoll
             ... wielding a +0 flail
             ... led by a gnoll bouda
              (10 damage)
             ... on level 4 of the Dungeon.
             The game lasted 00:03:45 (3078 turns).

timneilson the Ruffian (Octopode Shapeshifter)      Turns: 3078, Time: 00:03:45

Health: -5/46      AC:  1    Str: 15    XL:     7   Next: 25%
Magic:  7/7        EV: 14    Int: 12    God:
Gold:   92         SH:  0    Dex: 12    Spells: 6/6 levels left

rFire   . .          .
                       - Unarmed
rCold   . . .        (no shield)
rNeg    . . .        (helmet currently unavailable)
rPois   .            (no amulet)
rElec   .            g - ring of wizardry
rCorr   .            (no ring)
SInv    .            (no ring)
Will    .....        (no ring)
Stlth   +++          (no ring)
HPRegen 0.27/turn    (no ring)
MPRegen 0.10/turn    (no ring)
                     (no ring)

%: wizardry (x1)
@: beast-form
A: beast (slay +2), almost no armour, amphibious, 8 rings, camouflage 1,
gelatinous body 1, (nimble swimmer 1), tentacles
a: Begin Untransformation


You were on level 4 of the Dungeon.
You were a hulking beast.
You visited 1 branch of the dungeon, and saw 4 of its levels.

You collected 92 gold pieces.

Inventory:

Jewellery
 g - a ring of wizardry (left tentacle)
 q - a ring of protection from fire
Talismans
 b - a beast talisman (active)
 c - a flux talisman
Wands
 j - a wand of acid (8)
Scrolls
 m - a scroll of amnesia {unknown}
 n - a scroll of enchant armour
 p - a scroll of teleportation
Potions
 a - a potion of lignification
 e - a potion of attraction
 f - a potion of invisibility {unknown}
 h - a potion of might {unknown}
 i - a potion of enlightenment {unknown}
 k - a potion of curing {unknown}
 l - a potion of ambrosia {unknown}
 o - 2 potions of mutation


   Skills:
 * Level 3.4 Fighting
 * Level 3.7 Dodging
 + Level 3.1 Stealth
 * Level 4.5 Unarmed Combat
 + Level 2.0 Evocations
 * Level 4.2 Shapeshifting


You had 6 spell levels left.
You didn't know any spells.
Your spell library contained the following spells:

 Spells                   Type           Power      Damage    Failure   Level
 Blink                    Tloc           0%         N/A       21%         2
 Lesser Beckoning         Tloc           0%         N/A       21%         2
 Momentum Strike          Conj/Tloc      0%         3d8       21%         2


Dungeon Overview and Level Annotations

Branches:
Dungeon (4/15)
 Temple: D:4-7

Altars:


Innate Abilities, Weirdness & Mutations

You are a hulking beast.
Your limbs bulge with bestial killing power. (Slay +2)
You cannot wear most types of armour.
You are amphibious.
You can wear up to eight rings at the same time.
Your skin changes colour to match your surroundings (Stealth+).
Your rubbery body absorbs attacks. (AC +1, EV +1)
((You are camouflaged when in or above water. (Stealth+)))
You have tentacles for arms and can constrict up to eight enemies at once.


Message History

You tentacle-slap the gnoll bouda.
You kill the gnoll bouda!
The gnoll barely misses you.
You feel much better.
Your attacks no longer feel as feeble.
The gnoll throws a throwing net.
The throwing net hits you.
You become entangled in the net!
You struggle against the net.
The gnoll hits you from afar with a +0 halberd!
You tear a large gash into the net.
The gnoll hits you but does no damage.
You shred the net and break free!
The gnoll is no longer moving quickly.
The gnoll hits you from afar with a +0 halberd!
The gnoll is no longer moving quickly. x2
The gnoll hits you with a +0 halberd.
Items here: )) [ †.
You tentacle-slap the gnoll. You grab the gnoll.
The gnoll is moderately wounded.
You constrict the gnoll. The gnoll barely misses you.
You tentacle-slap the gnoll.
The gnoll is almost dead.
You constrict the gnoll. The gnoll hits you with a +0 halberd!
* * * LOW HITPOINT WARNING * * *
You bludgeon the gnoll!
You kill the gnoll!
You closely miss the gnoll. Your grab misses the gnoll. You squeeze the gnoll!
The gnoll is severely wounded.
The gnoll barely misses you.
You bludgeon the gnoll!
You kill the gnoll!
Your Evocations skill increases to level 2!
You closely miss the gnoll. You grab the gnoll. You constrict the gnoll.
The gnoll completely misses you.
You tentacle-slap the gnoll. You squeeze the gnoll.
The gnoll is severely wounded.
You constrict the gnoll, but do no damage.
The gnoll barely misses you.
You tentacle-slap the gnoll.
The gnoll is almost dead.
You constrict the gnoll. The gnoll hits you with a +0 flail!
You die...

.......## ###.....##
##.......##
#.........########
.....#...........#
..........######.#
##.......## #.#
###......# #.#
##....## #h# ###.##
#g# #.# #.# #.# #.#
##'## #.> ##...## ###
# # ##.....## ### .#.
##.......## ##.###.#
##.........####...##.#


You could see a gnoll.

Vanquished Creatures
  Grinder (D:3)
  A gnoll bouda (D:4)
  2 orc wizards (D:3)
  Natasha (thrice) (D:3)
  3 adders
  6 gnolls (D:4)
  A shadow imp (D:4)
  3 orcs (D:3)
  9 endoplasms
  A giant cockroach (D:2)
  5 goblins
  A hobgoblin (D:2)
  3 jackals (D:2)
  A quokka (D:1)
  10 ball pythons
  2 bats
  2 frilled lizards
  A kobold (D:2)
  6 rats
61 creatures vanquished.

Notes
Turn   | Place    | Note
-------+----------+-------------------------------------------
     0 | D:1      | timneilson the Octopode Shapeshifter began the quest for
                  | the Orb.
     0 | D:1      | Reached XP level 1. HP: 13/13 MP: 1/1
   108 | D:1      | Reached XP level 2. HP: 18/18 MP: 2/2
   509 | D:1      | Found a faded altar of an unknown god.
   580 | D:1      | Reached skill level 1 in Stealth
   596 | D:1      | Reached XP level 3. HP: 23/23 MP: 3/3
   957 | D:2      | Identified the +9 spear "Yrokhlil" {venom, rElec Will-
                  | Dex+3}
  1193 | D:2      | Reached XP level 4. HP: 26/29 MP: 4/4
  1837 | D:3      | Noticed Grinder
  1848 | D:3      | Killed Grinder
  1849 | D:3      | Reached skill level 1 in Evocations
  1849 | D:3      | Reached XP level 5. HP: 14/36 MP: 5/5
  1849 | D:3      | Reached XP level 6. HP: 16/41 MP: 6/6
  2001 | D:3      | Noticed Natasha
  2009 | D:3      | Killed Natasha
  2140 | D:3      | Noticed Natasha
  2147 | D:3      | Killed Natasha
  2295 | D:3      | Noticed Natasha
  2298 | D:3      | Killed Natasha
  2647 | D:4      | Reached XP level 7. HP: 36/46 MP: 7/7
  3078 | D:4      | Slain by a gnoll

Illustrated notes

Levels and vault maps discovered:
D:1:      heliophobic_arrival_ceremonial_halls, layout_loops_ring,
          chequers_ecumenical_altar_grove
D:2:      layout_loops_ring, serial_forest, infiniplex_forest_straight_4,
          infiniplex_forest_end_double, infiniplex_forest_lined_3,
          infiniplex_forest_end_3
D:3:      layout_loops_ring, minmay_misc_feat_five, uniq_natasha, uniq_grinder
D:4:      layout_loops_corners, serial_rivers, chequers_serial_rivers_micro_d,
          chequers_serial_rivers_micro_a, chequers_serial_rivers_micro_c,
          chequers_serial_rivers_large_a, chequers_serial_rivers_micro_a,
          chequers_serial_rivers_micro_d

Skill      XL: |  1  2  3  4  5  6  7 |
---------------+----------------------+-----
Stealth        | 1 2 3 |  3.1
Fighting       | 2 3 |  3.4
Dodging        | 3 |  3.7
Unarmed Combat | 4 |  4.5
Evocations     | 1 2 |  2.0
Shapeshifting  | 4 |  4.2

Action                     |  1- 3 |  4- 6 |  7- 9 || total
---------------------------+-------+-------+-------++-------
  Melee: Unarmed           |    47 |    57 |    32 ||   136
         Constrict         |    10 |    16 |     8 ||    34
         Tentacles         |     6 |    12 |     8 ||    26
         Punch             |     1 |     3 |       ||     4
    Use: Scroll            |     2 |     6 |       ||     8
         Potion            |       |     1 |     1 ||     2
   Stab: Sleeping          |     8 |     3 |     3 ||    14
 Armour: Skin              |    14 |    21 |    14 ||    49
  Dodge: Dodged            |    19 |    27 |    19 ||    65

Table legend: (Time is in decaauts)
 A = Elapsed time spent in this place.
 B = Non-inter-level travel time spent in this place.
 C = Inter-level travel time spent in this place.
 D = Time resting spent in this place.
 E = Time spent auto-exploring this place.
 F = Levels seen in this place.
 G = Mean time per level.
                   A        B        C        D        E       F      G
               +--------+--------+--------+--------+--------+-----+--------+
         Total |   3067 |   2949 |    118 |    163 |   2303 |   4 |  766.8 |
       Dungeon |   3067 |   2949 |    118 |    163 |   2303 |   4 |  766.8 |
               +--------+--------+--------+--------+--------+-----+--------+

Top non-repeatable levels by time:
     D:2: 991 daAuts
     D:3: 941 daAuts
     D:1: 653 daAuts
     D:4: 481 daAuts
